 Dungeon Crawl Stone Soup version 0.25-a0-166-g16436c4407 (webtiles) character file.

Game seed: 1696267692441899983, levelgen mode: deterministic

271519 kumeeho the Severer (level 21, 0/164 HPs)
             Began as a Formicid Hunter on Nov 23, 2019.
             Was a High Priest of Okawaru.
             Slain by a +1 glaive of chopping (18 damage)
             ... on level 2 of the Elven Halls.
             The game lasted 01:47:21 (37660 turns).

kumeeho the Severer (Formicid Hunter)              Turns: 37660, Time: 01:47:21

Health: 0/164      AC: 24    Str: 29      XL:     21   Next: 8%
Magic:  26/26      EV: 15    Int: 10 (13) God:    Okawaru [*****.]
Gold:   4138       SH: 23    Dex: 18      Spells: 20/20 levels left

rFire    + + .     SeeInvis +   b - +8 war axe "Hydra's Funeral" {vamp, +Rage rF+}
rCold    + . .     Gourm    .   r - +0 large shield
rNeg     + . .     Faith    .   z - +1 plate armour {rPois}
rPois    +         Spirit   .   (helmet unavailable)
rElec    +         Reflect  .   Z - scarf {rC+ rF+}
rCorr    .         Harm     .   C - +1 pair of gloves {Dex+3}
MR       ++++.                  p - +2 pair of boots {run}
Stlth    ..........             e - amulet of Wykuph {RegenMP Slay+2}
HPRegen  0.37/turn              n - ring of Quurubra {rElec MR+ Int+4 Dex+4}
MPRegen  0.45/turn              B - ring "Ecra" {rN+ EV+6}

@: lightly drained, quick
A: permanent stasis, dig shafts and tunnels, four strong arms, antennae 3, dopey
1, magic resistance 1, strong 1
}: 2/15 runes: decaying, serpentine
a: Dig, Shaft Self, Heroism, Finesse, Renounce Religion


You were on level 2 of the Elven Halls.
You worshipped Okawaru.
Okawaru was extremely pleased with you.
You were not hungry.

You visited 7 branches of the dungeon, and saw 34 of its levels.
You also visited: Trove, Gauntlet and Ice Cave.

You collected 4320 gold pieces.
You spent 182 gold pieces at shops.

Inventory:

Hand Weapons
 a - a +4 triple crossbow of freezing
 b - the +8 war axe "Hydra's Funeral" (weapon) {vamp, +Rage rF+}
   (You found it on level 4 of the Dungeon)

   It inflicts no extra harm, but heals its wielder when it wounds a living foe.
   It protects you from fire.
   It lets you go berserk.
 h - a +4 arbalest of flaming
 G - the +8 war axe of Juakiun {holy, rF++ Str+4 Int+4 Dex-5}
   (You found it on level 2 of the Swamp)

   It has been blessed by the Shining One to cause great damage to the undead
   and demons.
   It affects your strength (+4).
   It affects your intelligence (+4).
   It affects your dexterity (-5).
   It greatly protects you from fire.
Missiles
 d - 771 bolts
 l - 3 curare-tipped darts
 q - 27 silver javelins
 U - a throwing net (quivered)
Armour
 p - a +2 pair of boots of running (worn)
 r - a +0 large shield (worn)
 z - a +1 plate armour of poison resistance (worn)
 C - a +1 pair of gloves of dexterity (worn)
 Z - a scarf of resistance (worn)
Jewellery
 e - the amulet of Wykuph (around neck) {RegenMP Slay+2}
   (You found it in a treasure trove)

   [amulet of magic regeneration]

   It increases your magic regeneration.
   It affects your accuracy and damage with ranged weapons and melee attacks
   (+2).
 i - an uncursed ring of protection from cold
 m - an uncursed ring of resist corrosion
 n - the ring of Quurubra (left hand) {rElec MR+ Int+4 Dex+4}
   (You found it in a treasure trove)

   [ring of dexterity]

   It affects your intelligence (+4).
   It affects your dexterity (+4).
   It insulates you from electricity.
   It affects your resistance to hostile enchantments.
 w - an uncursed ring of protection from fire
 B - the ring "Ecra" (right hand) {rN+ EV+6}
   (You found it in a Gauntlet)

   [ring of evasion]

   It affects your evasion (+6).
   It protects you from negative energy.
 E - an uncursed ring of protection from cold
 P - an uncursed ring of protection from fire
 Q - a +2 ring of intelligence
Wands
 y - a wand of paralysis (11)
 D - a wand of acid (31)
 L - a wand of clouds (3)
 W - a wand of iceblast (30)
Scrolls
 o - 4 scrolls of amnesia
 s - 3 scrolls of enchant armour
 x - 3 scrolls of magic mapping
 A - 12 scrolls of identify
 F - 2 scrolls of noise
 H - 3 scrolls of fog
 J - 4 scrolls of fear
 X - 21 scrolls of remove curse
Potions
 c - 11 potions of brilliance
 g - 3 potions of ambrosia
 j - 2 potions of might
 k - 7 potions of magic
 u - 5 potions of cancellation
 v - 6 potions of flight
 I - 5 potions of agility
 M - a potion of resistance
 R - a potion of invisibility
 T - 8 potions of curing
Miscellaneous
 t - a phantom mirror
 K - a box of beasts
 O - a lamp of fire
Comestibles
 f - 58 rations
 N - 7 chunks of flesh


   Skills:
 + Level 13.8(13.7) Fighting
   Level 0.1(0.0) Short Blades
 - Level 18.0(17.8) Axes
 * Level 17.3(17.2) Crossbows
 - Level 3.9 Throwing
 * Level 14.8(14.7) Armour
 - Level 1.7(1.6) Dodging
 - Level 1.2(1.1) Stealth
 - Level 17.9(17.8) Shields
 - Level 7.0(6.9) Invocations


You had 20 spell levels left.
You didn't know any spells.
Your spell library contained the following spells:

 Spells                   Type           Power        Failure   Level  Hunger
 Animate Skeleton         Necr           N/A          91%         1    ##.....
 Flame Tongue             Conj/Fire      #....        91%         1    ##.....
 Freeze                   Ice            #...         91%         1    ##.....
 Magic Dart               Conj           #...         91%         1    ##.....
 Pain                     Necr           #...         91%         1    ##.....
 Shock                    Conj/Air       #...         91%         1    ##.....
 Sting                    Conj/Pois      #...         91%         1    ##.....
 Summon Butterflies       Summ           #.......     91%         1    ##.....
 Call Imp                 Summ           #.......     97%         2    ###....
 Corpse Rot               Necr           N/A          97%         2    ###....
 Poisonous Vapours        Pois/Air       #.....       97%         2    ###....
 Searing Ray              Conj           #.....       97%         2    ###....
 Shroud of Golubria       Chrm/Tloc      #.....       97%         2    ###....
 Slow                     Hex            #.......     97%         2    ###....
 Sublimation of Blood     Necr           #.........   97%         2    ###....
 Swiftness                Chrm/Air       #.......     97%         2    ###....
 Throw Flame              Conj/Fire      #.....       97%         2    ###....
 Throw Frost              Conj/Ice       #.....       97%         2    ###....
 Call Canine Familiar     Summ           #.......     100%        3    ####...
 Conjure Flame            Conj/Fire      #.......     100%        3    ####...
 Dazzling Spray           Conj/Hex       #.....       100%        3    ####...
 Gell's Gravitas          Tloc           #.........   100%        3    ####...
 Inner Flame              Hex/Fire       #.......     100%        3    ####...
 Lesser Beckoning         Tloc           #.........   100%        3    ####...
 Mephitic Cloud           Conj/Pois/Air  #.......     100%        3    ####...
 Ozocubu's Armour         Chrm/Ice       #.......     100%        3    ####...
 Recall                   Summ/Tloc      N/A          100%        3    ####...
 Regeneration             Chrm/Necr      #.........   100%        3    ####...
 Static Discharge         Conj/Air       #.......     100%        3    ####...
 Teleport Other           Tloc           #.......     100%        3    ####...
 Vampiric Draining        Necr           #.........   100%        3    ####...
 Airstrike                Air            #.........   100%        4    #####..
 Animate Dead             Necr           N/A          100%        4    #####..
 Cause Fear               Hex            #.........   100%        4    #####..
 Force Lance              Conj/Tloc      #.......     100%        4    #####..
 Fulminant Prism          Conj/Hex       #.........   100%        4    #####..
 Iskenderun's Mystic Bla  Conj           #.......     100%        4    #####..
 Olgreb's Toxic Radiance  Pois           #.......     100%        4    #####..
 Passage of Golubria      Tloc           N/A          100%        4    #####..
 Petrify                  Tmut/Erth      #.......     100%        4    #####..
 Sticky Flame             Conj/Fire      #.......     100%        4    #####..
 Summon Ice Beast         Ice/Summ       #.......     100%        4    #####..
 Throw Icicle             Conj/Ice       #.......     100%        4    #####..
 Aura of Abjuration       Summ           #.........   100%        5    ######.
 Dispel Undead            Necr           #.......     100%        5    ######.
 Fireball                 Conj/Fire      #.........   100%        5    ######.
 Lightning Bolt           Conj/Air       #.........   100%        5    ######.
 Silence                  Hex/Air        #.........   100%        5    ######.
 Summon Demon             Summ           #.........   100%        5    ######.
 Summon Forest            Summ/Tloc      #.........   100%        5    ######.
 Summon Mana Viper        Hex/Summ       #.......     100%        5    ######.
 Venom Bolt               Conj/Pois      #.........   100%        5    ######.
 Yara's Violent Unravell  Hex/Tmut       #.........   100%        5    ######.
 Deflect Missiles         Chrm/Air       #.........   100%        6    #######
 Shadow Creatures         Summ           N/A          100%        6    #######
 Summon Hydra             Summ           #.........   100%        7    #######
 Discord                  Hex            #.........   100%        8    #######
 Blink                    Tloc           Unusable     N/A         2    N/A

Dungeon Overview and Level Annotations

Branches:
Dungeon (15/15)            Temple (1/1) D:6            Lair (6/6) D:10
  Swamp (4/4) Lair:4        Snake (4/4) Lair:3        Slime (0/5) Lair:6
    Orc (2/2) D:10            Elf (2/3) Orc:2        Vaults (0/5) D:14
 Depths (0/5) D:15          IceCv (visited)         Gauntlet (visited)

Altars:
Ashenzari
Cheibriados
Dithmenos
Elyvilon
Fedhas
Gozag
Kikubaaqudgha
Makhleb
Nemelex Xobeh
Okawaru
Ru
Trog
Uskayaw
Vehumet
Wu Jian
Yredelemnul
Zin
The Shining One
Beogh

Shops:
D:5 (   D:7 }   D:9 *   D:13 %   D:14 *   Orc:2 :=!::   Snake:1 =}=

Annotations:
D:3 exclusion: downstairs
D:4 2 runed translucent doors, KrasnyyBoyets's ghost, amateur TrAs
D:5 exclusion: downstairs
D:7 exclusion: downstairs
Lair:4 2 transporters, bmfx's ghost, journeyman DEAK
Swamp:3 2 runed translucent doors, Ehaatub's ghost, journeyman DsAK
Snake:3 exclusion: downstairs
Snake:4 bmj180's ghost, adept HOFi
Elf:2 2 transporters, Ratty's ghost, journeyman DENe


Innate Abilities, Weirdness & Mutations

You cannot be hasted, slowed, berserked, paralysed or teleported.
You can dig through walls and to a lower floor.
Your four strong arms can wield two-handed weapons with a shield.
You have a pair of large antennae on your head. (SInv)
You are dopey. (Int -2)
You are resistant to hostile enchantments. (MR+)
Your muscles are strong. (Str +2)


Message History

You kill the hell rat!
The hell rat's corpse disappears in a puff of smoke!
You closely miss the +1 glaive of chopping.
The deep elf mage barely misses you. You block the demonic crawler's attack.
The demonic crawler barely misses you. You block the demonic crawler's attack.
The +1 glaive of chopping hits you but does no damage.
You slash the deep elf mage!
You feel better.
You kill the deep elf mage!
Okawaru accepts your kill.
The demonic crawler disappears in a puff of smoke!
You closely miss the +1 glaive of chopping.
Unknown command.
You hit the +1 glaive of chopping but do no damage.
The +1 glaive of chopping is almost destroyed.
You block the +1 glaive of chopping's attack.
Unknown command.
You closely miss the +1 glaive of chopping.
The +1 glaive of chopping is almost destroyed.
The +1 glaive of chopping hits you!!
You die...

...(..( .(......
..(.... #.....
##...# ○ ##...# .
#.).## .. #...###...
##@(.#....
##§)......
##..................
#........(..........
##..................
#...................
##..................
##.................
#.................


You could see a +1 glaive of chopping.

Vanquished Creatures
  Vashnia (Snake:4)
  Nikola (Swamp:4)
  Rupert (D:15)
  Asterion (Elf:1)
  Jorgrun (Snake:1)
  3 thorn hunters
  A frost giant (IceCv)
  6 nagarajas
  A deep elf sorcerer (Elf:1)
  Roxanne (D:14)
  Aizul (Swamp:4)
  Azrael (Snake:1)
  A deep elf demonologist (Elf:1)
  A minotaur (Gauntlet)
  A deep elf death mage (Elf:2)
  A fire dragon (D:14)
  21 naga warriors
  21 hydras
  A shambling mangrove (Swamp:1)
  A centaur warrior (D:14)
  A catoblepas (Lair:2)
  7 anacondas
  13 dancing weapons
  A ghost crab (Swamp:2)
  13 alligators
  12 two-headed ogres
  3 tengu warriors
  2 death yaks
  2 ogre magi (D:15)
  12 naga sharpshooters
  15 shock serpents
  10 deep elf knights
  7 salamander mystics
  A deep troll (D:14)
  A spriggan druid (Swamp:4)
  10 naga ritualists
  9 swamp dragons
  5 unseen horrors
  4 wizards
  10 sea snakes
  A phantasmal warrior (D:14)
  8 deep elf archers
  A wolf spider zombie (D:14)
  A wolf spider (D:15)
  4 orc knights
  8 mana vipers
  An orc sorcerer (Orc:1)
  2 cyclopes
  39 deep elf magi
  An ugly thing (D:13)
  4 oklob plants (Lair:6)
  3 manticores
  Psyche (D:9)
  Maurice (D:8)
  15 salamanders
  15 guardian serpents
  An elephant (D:10)
  2 ice statues
  32 black mambas
  An apocalypse crab (Gauntlet)
  A molten gargoyle (Lair:4)
  20 naga magi
  A hellion (Gauntlet)
  A gargoyle (D:15)
  19 spiny frogs
  2 freezing wraiths
  12 komodo dragons
  12 rime drakes
  An anaconda simulacrum (Lair:4)
  6 trolls
  24 polar bears
  A meliai (shapeshifter) (D:13)
  A merfolk (D:14)
  11 hornets
  8 bog bodies
  26 slime creatures
  5 tyrant leeches
  2 dream sheep (Lair:6)
  13 blink frogs
  17 hippogriffs
  A meliai zombie (D:11)
  An air elemental (Elf:1)
  A centaur simulacrum (D:15)
  16 spriggans
  3 shadows
  5 water elementals
  11 fire bats
  A spriggan (shapeshifter) (D:14)
  6 wyverns
  62 yaks
  3 fire elementals
  7 basilisks
  A hungry ghost (D:9)
  18 vampire mosquitoes
  4 wargs
  15 swamp worms
  An acid dragon (D:14)
  72 nagas
  11 insubstantial wisps
  8 porcupines
  A floating eye (shapeshifter) (D:15)
  4 hell hounds
  A soldier ant (shapeshifter) (D:14)
  16 water moccasins
  31 orc warriors
  3 sky beasts
  2 black bears (Lair:6)
  A hornet zombie (D:14)
  14 swamp drakes
  10 ice beasts
  10 boggarts
  12 ogres
  2 phantoms
  A necrophage (D:6)
  36 wolves
  24 centaurs
  11 crocodiles
  2 big kobolds (D:10)
  2 earth elementals
  21 bullfrogs
  A gnoll sergeant (D:8)
  A water moccasin zombie (D:5)
  A scorpion (D:5)
  9 killer bees
  8 howler monkeys
  14 wights
  13 electric eels
  4 crimson imps
  2 quasits
  3 centaur zombies
  A hippogriff simulacrum (Lair:4)
  A lava snake (Lair:4)
  7 jellies
  13 orc priests
  9 hounds
  A bullfrog skeleton (D:8)
  10 centaur skeletons
  A gnoll shaman (D:7)
  3 iguanas
  29 orc wizards
  Natasha (thrice) (D:4)
  10 worker ants
  A hound zombie (D:10)
  3 porcupine simulacra (Lair:4)
  2 hound skeletons
  2 worker ant zombies
  14 gnolls
  13 adders
  2 river rats (D:4)
  4 shadow imps
  13 white imps
  An ooze (D:4)
  An adder skeleton (D:8)
  2 adder zombies
  3 worms
  2 dart slugs
  8 leopard geckos
  74 orcs
  3 bats
  3 giant cockroaches
  8 goblins
  7 hobgoblins
  6 jackals
  18 kobolds
  4 quokkas
  3 ball pythons
  6 frilled lizards
  8 rats
  3 fungi
  9 plants
1347 creatures vanquished.

Vanquished Creatures (others)
  A thorn hunter (Swamp:4)
  An alligator (Swamp:3)
  2 polar bears (IceCv)
  A yak (IceCv)
  A swamp drake (Swamp:4)
  2 wolves (IceCv)
  A fungus (Lair:6)
  28 plants
37 creatures vanquished.

Grand Total: 1384 creatures vanquished

Notes
Turn   | Place    | Note
-------+----------+-------------------------------------------
     0 | D:1      | kumeeho the Formicid Hunter began the quest for the Orb.
     0 | D:1      | Reached XP level 1. HP: 16/16 MP: 1/1
    71 | D:1      | Reached XP level 2. HP: 13/23 MP: 2/2
   323 | D:1      | Reached XP level 3. HP: 15/28 MP: 3/3
   960 | D:2      | Found a sacrificial altar of Ru.
   987 | D:2      | Reached skill level 5 in Crossbows
   987 | D:2      | Reached skill level 1 in Armour
   987 | D:2      | Reached XP level 4. HP: 6/34 MP: 4/4
  1821 | D:3      | Found a white marble altar of Elyvilon.
  1849 | D:3      | Became a worshipper of Elyvilon the Healer
  1938 | D:3      | Reached XP level 5. HP: 41/41 MP: 5/5
  2378 | D:3      | Reached XP level 6. HP: 47/47 MP: 6/6
  2556 | D:4      | Reached skill level 1 in Throwing
  2749 | D:4      | Noticed Natasha
  2757 | D:4      | Killed Natasha
  2768 | D:4      | Reached skill level 1 in Shields
  2768 | D:4      | Reached XP level 7. HP: 44/53 MP: 7/7
  2768 | D:4      | Noticed Natasha
  2773 | D:4      | Killed Natasha
  2855 | D:4      | Noticed Natasha
  2860 | D:4      | Killed Natasha
  3094 | D:4      | Found a large runed translucent door.
  3094 | D:4      | Found a large runed translucent door.
  3130 | D:4      | Noticed KrasnyyBoyets's ghost (amateur TrAs)
  3182 | D:4      | Reached * piety under Elyvilon
  3189 | D:4      | Found a sparkling altar of Nemelex Xobeh.
  3267 | D:4      | Noticed a moth of wrath
  3270 | D:4      | Found a bloodstained altar of Trog.
  3311 | D:4      | Got a brightly glowing war axe
  3312 | D:4      | Identified the +8 war axe "Hydra's Funeral" {vamp, +Rage
                  | rF+} (You found it on level 4 of the Dungeon)
  3794 | D:5      | Entered Level 5 of the Dungeon
  3865 | D:5      | Found Koluusepp's Weapon Boutique.
  3912 | D:5      | Found a snail-covered altar of Cheibriados.
  3943 | D:5      | Reached XP level 8. HP: 38/60 MP: 8/8
  4104 | D:5      | Reached skill level 1 in Axes
  4151 | D:5      | Reached ** piety under Elyvilon
  4164 | D:5      | Found a shattered altar of Ashenzari.
  4688 | D:6      | Reached skill level 2 in Axes
  5235 | D:6      | Reached XP level 9. HP: 66/66 MP: 9/9
  5604 | D:6      | Reached skill level 5 in Shields
  5616 | D:6      | Found a staircase to the Ecumenical Temple.
  5635 | D:6      | Reached skill level 3 in Axes
  5635 | D:6      | Reached skill level 5 in Armour
  5782 | Temple   | Entered the Ecumenical Temple
  5819 | Temple   | Fell from the grace of Elyvilon
  5819 | Temple   | Became a worshipper of Warmaster Okawaru
  5885 | D:6      | Found a radiant altar of Vehumet.
  6165 | D:7      | Got a pair of ichor-stained boots
  6171 | D:7      | Identified the +0 pair of boots of the Arcane {Str+5} (You
                  | found it on level 7 of the Dungeon)
  6193 | D:7      | Found a blossoming altar of Fedhas.
  6407 | D:7      | Found Zovaf's Gadget Shoppe.
  6427 | D:7      | Reached * piety under Okawaru
  6430 | D:7      | Reached skill level 4 in Axes
  6659 | D:7      | Reached skill level 5 in Fighting
  6719 | D:7      | Reached skill level 5 in Axes
  6883 | D:7      | Reached XP level 10. HP: 70/74 MP: 10/10
  7071 | D:8      | Reached skill level 6 in Axes
  7087 | D:8      | Reached ** piety under Okawaru
  7087 | D:8      | Reached skill level 1 in Invocations
  7253 | D:8      | Noticed Maurice
  7284 | D:8      | Killed Maurice
  7284 | D:8      | Reached skill level 7 in Axes
  7569 | D:9      | Noticed a six-headed hydra
  7944 | D:9      | Found Buvipsid's Assorted Antiques.
  8191 | D:9      | Reached *** piety under Okawaru
  8272 | D:9      | Reached skill level 8 in Axes
  8408 | D:9      | Noticed Psyche
  8418 | D:9      | Killed Psyche
  8434 | D:10     | Entered Level 10 of the Dungeon
  8434 | D:10     | Found a staircase to the Lair.
  8434 | D:10     | Noticed an elephant
  8434 | D:10     | Noticed a death yak
  8434 | D:10     | Noticed a two-headed ogre
  8450 | D:10     | Killed a two-headed ogre
  8450 | D:10     | Reached **** piety under Okawaru
  8450 | D:10     | Reached XP level 11. HP: 78/81 MP: 10/13
  8451 | D:10     | Killed an elephant
  8451 | D:10     | Received a gift from Okawaru
  8453 | D:10     | Reached skill level 9 in Axes
  8458 | D:10     | Killed a death yak
  8627 | D:10     | Found a staircase to the Orcish Mines.
  8651 | D:10     | Received a gift from Okawaru
  9139 | D:11     | Noticed a two-headed ogre
  9146 | D:11     | Killed a two-headed ogre
  9146 | D:11     | Reached skill level 10 in Axes
  9199 | D:11     | Reached ***** piety under Okawaru
  9618 | D:11     | Received a gift from Okawaru
  9642 | D:11     | Found an opulent altar of Gozag.
  9803 | D:11     | Noticed a cyclops
  9824 | D:11     | Killed a cyclops
  9861 | D:11     | Reached XP level 12. HP: 88/88 MP: 15/15
  9863 | D:11     | Reached skill level 10 in Shields
  9867 | D:11     | Received a gift from Okawaru
 10171 | D:12     | Noticed an unseen horror
 10176 | D:12     | Reached skill level 5 in Invocations
 10183 | D:12     | Received a gift from Okawaru
 10185 | D:12     | Killed an unseen horror
 10206 | D:12     | Found a gate leading to a gauntlet.
 10219 | Gauntlet | Entered a Gauntlet
 10219 | Gauntlet | Found a transporter.
 10228 | Gauntlet | Found a transporter.
 10245 | Gauntlet | Found a transporter.
 10249 | Gauntlet | Found a transporter.
 10261 | Gauntlet | Found a transporter.
 10275 | Gauntlet | Found a transporter.
 10275 | Gauntlet | Noticed a dire elephant
 10278 | Gauntlet | Found a transporter.
 10282 | Gauntlet | Found a transporter.
 10303 | Gauntlet | Noticed a wretched star
 10305 | Gauntlet | Found a transporter.
 10322 | Gauntlet | Found a transporter.
 10326 | Gauntlet | Found a transporter.
 10328 | Gauntlet | Found a runed translucent door.
 10330 | Gauntlet | Found a runed translucent door.
 10334 | Gauntlet | Found a transporter.
 10424 | Gauntlet | Reached skill level 11 in Axes
 10432 | Gauntlet | Got a shimmering bronze ring
 10433 | Gauntlet | Identified the ring "Ecra" {rN+ EV+6} (You found it in a
                  | Gauntlet)
 10541 | Gauntlet | Received a gift from Okawaru
 10678 | Gauntlet | Identified the +1 shield of Pumough {Dex+3}
 10678 | Gauntlet | Noticed a minotaur
 10715 | Gauntlet | Killed a minotaur
 10977 | D:12     | Noticed an unseen horror
 11009 | D:12     | Killed an unseen horror
 11159 | D:13     | Received a gift from Okawaru
 11167 | D:13     | Found Rueqoos's Food Boutique.
 11271 | D:13     | Noticed an unseen horror
 11281 | D:13     | Killed an unseen horror
 11378 | D:13     | Found a portal to a secret trove of treasure.
 11604 | D:13     | Reached XP level 13. HP: 91/95 MP: 13/17
 11629 | D:13     | Reached skill level 12 in Axes
 12068 | D:14     | Noticed a centaur warrior
 12077 | D:14     | Killed a centaur warrior
 12152 | D:14     | Found an opulent altar of Gozag.
 12163 | D:14     | Found Gozag's Platinum Reserve.
 12428 | D:14     | Noticed Roxanne
 12445 | D:14     | Killed Roxanne
 12445 | D:14     | Received a gift from Okawaru
 12445 | D:14     | Reached ****** piety under Okawaru
 12695 | D:14     | Noticed a fire dragon
 12716 | D:14     | Killed a fire dragon
 12716 | D:14     | Reached skill level 10 in Crossbows
 12933 | D:14     | Found a gate to the Vaults.
 13266 | D:15     | Entered Level 15 of the Dungeon
 13272 | D:15     | Reached skill level 13 in Axes
 13272 | D:15     | Reached XP level 14. HP: 104/104 MP: 19/19
 13577 | D:15     | Received a gift from Okawaru
 13669 | D:15     | Found a staircase to the Depths.
 13913 | D:15     | Found a basalt altar of Yredelemnul.
 13952 | D:15     | Noticed Rupert
 13967 | D:15     | Killed Rupert
 13967 | D:15     | Reached skill level 14 in Axes
 14207 | D:15     | Received a gift from Okawaru
 14605 | D:15     | Identified the +2 ring mail of Ru's Delight {-Tele Regen+
                  | Dex+2 SInv} (You found it on level 15 of the Dungeon)
 14737 | Lair:1   | Entered Level 1 of the Lair of Beasts
 15201 | Lair:1   | Reached XP level 15. HP: 112/112 MP: 20/20
 15861 | Lair:2   | Received a gift from Okawaru
 16273 | Lair:2   | Identified a +0 pair of boots of running (Okawaru gifted it
                  | to you on level 2 of the Lair of Beasts)
 16558 | Lair:3   | Gained mutation: You are resistant to hostile enchantments.
                  | (MR+) [potion of mutation]
 16558 | Lair:3   | Gained mutation: You are dopey. (Int -2) [potion of
                  | mutation]
 16558 | Lair:3   | Gained mutation: Your muscles are strong. (Str +2) [potion
                  | of mutation]
 16629 | Lair:3   | Found a staircase to the Snake Pit.
 16758 | Lair:3   | You fall into a shaft and drop 2 floors!
 16758 | Lair:5   | Found a frozen archway.
 16775 | IceCv    | Entered an ice cave
 17402 | IceCv    | Noticed a frost giant
 17425 | IceCv    | Killed a frost giant
 17549 | Lair:5   | Reached skill level 10 in Armour
 17559 | Lair:5   | Reached skill level 15 in Axes
 18002 | Lair:5   | Received a gift from Okawaru
 18190 | Lair:4   | Found a transporter.
 18405 | Lair:4   | Found a transporter.
 18413 | Lair:4   | Found a transporter.
 18418 | Lair:4   | Noticed bmfx's ghost (journeyman DEAK)
 18449 | Lair:4   | Received a gift from Okawaru
 18573 | Lair:4   | Found a staircase to the Swamp.
 18663 | Lair:4   | Received a gift from Okawaru
 18674 | Lair:4   | Got a pair of smoking boots {god gift}
 18685 | Lair:4   | Identified the -5 pair of boots of the Evil One {rN++ Str+3
                  | Dex-2} (Okawaru gifted it to you on level 4 of the Lair of
                  | Beasts)
 18922 | Lair:4   | Found a transporter.
 19117 | Lair:4   | Identified the cursed +0 pair of boots of the Eternal Fruit
                  | {rC+} (You found it on level 4 of the Lair of Beasts)
 19350 | Lair:6   | Entered Level 6 of the Lair of Beasts
 19449 | Lair:6   | Reached XP level 16. HP: 120/120 MP: 19/21
 19828 | Lair:6   | Reached skill level 15 in Shields
 19835 | Lair:6   | Found a staircase to the Slime Pits.
 20297 | Lair:6   | Received a gift from Okawaru
 21316 | Lair:6   | Reached skill level 16 in Axes
 21630 | Orc:1    | Entered Level 1 of the Orcish Mines
 21678 | Orc:2    | Entered Level 2 of the Orcish Mines
 21700 | Orc:2    | Received a gift from Okawaru
 21844 | Orc:2    | Found Napom's Book Boutique.
 21854 | Orc:2    | Found a staircase to the Elven Halls.
 22053 | Orc:2    | Got a smoking battleaxe {god gift}
 22054 | Orc:2    | Identified the +6 battleaxe "Luvuwui" {freeze, rPois rC-
                  | Str+8 Stlth+} (Okawaru gifted it to you on level 2 of the
                  | Orcish Mines)
 22447 | Orc:2    | Found Athri's Jewellery Boutique.
 22447 | Orc:2    | Found Dyvam's Distillery.
 22449 | Orc:2    | Found Cass's Book Shoppe.
 22451 | Orc:2    | Found Biadonext's Book Shop.
 22456 | Orc:2    | Bought a potion of heal wounds for 70 gold pieces
 22456 | Orc:2    | Bought a potion of heal wounds for 70 gold pieces
 22456 | Orc:2    | Bought a potion of curing for 42 gold pieces
 22759 | Orc:1    | Found a roughly hewn altar of Beogh.
 23082 | Snake:1  | Entered Level 1 of the Snake Pit
 23095 | Snake:1  | Reached skill level 10 in Fighting
 23097 | Snake:1  | Received a gift from Okawaru
 23135 | Snake:1  | Noticed Jorgrun
 23145 | Snake:1  | Reached XP level 17. HP: 128/128 MP: 14/22
 23154 | Snake:1  | Killed Jorgrun
 23377 | Snake:1  | Noticed Azrael
 23406 | Snake:1  | Killed Azrael
 23512 | Snake:1  | Found Gedekeale's Gadget Boutique.
 23515 | Snake:1  | Found Ranojok's Jewellery Shoppe.
 23515 | Snake:1  | Found Fyupno's Jewellery Shoppe.
 23745 | Snake:2  | Received a gift from Okawaru
 25610 | Snake:3  | Received a gift from Okawaru
 25687 | Snake:3  | Reached XP level 18. HP: 136/136 MP: 23/23
 25975 | Snake:4  | Entered Level 4 of the Snake Pit
 26322 | Snake:4  | Found a runed translucent door.
 26327 | Snake:4  | Noticed bmj180's ghost (adept HOFi)
 26853 | Snake:4  | Received a gift from Okawaru
 26853 | Snake:4  | Reached skill level 17 in Axes
 27810 | Snake:4  | Received a gift from Okawaru
 27881 | Snake:4  | Noticed Vashnia
 28324 | Snake:4  | Reached XP level 19. HP: 146/146 MP: 24/24
 28833 | Snake:4  | Killed Vashnia
 28833 | Snake:4  | Received a gift from Okawaru
 28837 | Snake:4  | Identified a scroll of acquirement
 28838 | Snake:4  | Identified the +9 bardiche "Wezeing" {antimagic, Dex+4}
                  | (Okawaru gifted it to you on level 4 of the Snake Pit)
 29042 | Snake:4  | Reached skill level 18 in Axes
 29062 | Snake:4  | Got a serpentine rune of Zot
 29343 | Snake:4  | Identified the +5 hand axe of Generosity {holy, rElec MR+
                  | Str+3} (Okawaru gifted it to you on level 4 of the Snake
                  | Pit)
 29922 | Snake:4  | Found the +2 pair of boots of the Assassin {Detection Stab+
                  | Stlth++}
 30075 | Swamp:1  | Entered Level 1 of the Swamp
 30532 | Swamp:1  | Received a gift from Okawaru
 30603 | Swamp:1  | Identified the Guide on Doomed Transmutation
 30805 | Swamp:1  | Received a gift from Okawaru
 31199 | Swamp:2  | Identified the +8 war axe of Juakiun {holy, rF++ Str+4
                  | Int+4 Dex-5} (You found it on level 2 of the Swamp)
 32435 | Swamp:3  | Found a large runed translucent door.
 32436 | Swamp:3  | Found a large runed translucent door.
 32438 | Swamp:3  | Noticed Ehaatub's ghost (journeyman DsAK)
 32440 | Swamp:3  | Found the +10 dark maul {crush}
 33454 | Swamp:3  | Reached skill level 15 in Crossbows
 33522 | Swamp:4  | Entered Level 4 of the Swamp
 33524 | Swamp:4  | Noticed Aizul
 33545 | Swamp:4  | Reached XP level 20. HP: 143/156 MP: 25/25
 33554 | Swamp:4  | Killed Aizul
 33554 | Swamp:4  | Received a gift from Okawaru
 33876 | Swamp:4  | Noticed Nikola
 33888 | Swamp:4  | Received a gift from Okawaru
 33926 | Swamp:4  | HP: 6/156 [insubstantial wisp/static electricity (8)]
 34147 | Swamp:4  | Killed Nikola
 34147 | Swamp:4  | Received a gift from Okawaru
 34361 | Swamp:4  | Got a decaying rune of Zot
 35045 | D:13     | You paid a toll of 3 potions of resistance to enter a
                  | treasure trove
 35046 | Trove    | Entered a treasure trove
 35052 | Trove    | Found the ring of Phasing {EV+8}
 35060 | Trove    | Got a coiled silver ring
 35071 | Trove    | Identified the ring of Quurubra {rElec MR+ Int+4 Dex+4}
                  | (You found it in a treasure trove)
 35076 | Trove    | Identified the +0 pair of boots "Soaclab" {MR+ rCorr Dex+3
                  | Slay-4} (You found it in a treasure trove)
 35079 | Trove    | Identified the amulet of Wykuph {RegenMP Slay+2} (You found
                  | it in a treasure trove)
 35577 | Elf:1    | Entered Level 1 of the Elven Halls
 35868 | Elf:1    | Noticed Asterion
 35877 | Elf:1    | Noticed a Brimstone Fiend
 35883 | Elf:1    | Killed Asterion
 35883 | Elf:1    | Received a gift from Okawaru
 36302 | Elf:1    | Received a gift from Okawaru
 37038 | Elf:2    | Found a transporter.
 37040 | Elf:2    | Found a transporter.
 37050 | Elf:2    | Identified the +10 longbow of Fyeri {velocity, rF+ rC+
                  | Int+2}
 37053 | Elf:2    | Noticed Ratty's ghost (journeyman DENe)
 37054 | Elf:2    | Found a bloodstained altar of Trog.
 37054 | Elf:2    | Identified the +8 rapier of Doobbaci {pierce, -Tele Str+4
                  | Int+4}
 37054 | Elf:2    | Identified the cursed +0 rapier of Untruth {venom, rC+ rN+
                  | MP+9}
 37089 | Elf:2    | Received a gift from Okawaru
 37318 | Elf:2    | Found a runed translucent gate.
 37318 | Elf:2    | Found a runed translucent gate.
 37323 | Elf:2    | Found a runed translucent gate.
 37488 | Elf:2    | Reached XP level 21. HP: 164/164 MP: 26/26
 37655 | Elf:2    | HP: 3/164 [hell rat[a deep elf mage] (10)]
 37660 | Elf:2    | Slain by a +1 glaive of chopping

Levels and vault maps discovered:
D:1:      onia_arrival_pyramid, layout_rooms
D:2:      layout_loops_ring, nicolae_ru_great_annihilating_truth
D:3:      layout_basic, elyvilon_altar_4, first_ration
D:4:      layout_rooms, tgw_trog, overflow_temple_1_default,
          portal_sewer_entry_b, ebering_ghost_disaster_area, uniq_natasha
D:5:      layout_basic, kennysheep_mini, nicolae_ashenzari_panopticon,
          serial_shops, shop
D:6:      layout_loops_ring, temple_green, grunt_ministairs_1,
          vehumet_altar_wand_db
D:7:      minmay_angry_zag, layout_basic, lemuel_crystal_altar, serial_shops,
          shop
D:8:      layout_basic, uniq_maurice
D:9:      layout_long_grid, serial_shops, shop_coins, uniq_psyche
D:10:     layout_loops_ring, david_lair_generic, orc_0_dummy
D:11:     layout_irregular_city, basic_altar
D:12:     layout_big_octagon, gauntlet_entry_generic
D:13:     layout_long_grid, serial_shops,
          nicolae_shop_competitors_out_of_business, nicolae_trove_entry_diagonal
D:14:     layout_loops_cross, david_vaults_4, nicolae_gozag_zags_fifth_avenue,
          hangedman_fish_farm, pond, uniq_roxanne
D:15:     grunt_enter_depths_magical_seal, layout_rooms,
          yredelemnul_altar_generic, chequers_big_river,
          minmay_mirror_moons_of_madness, uniq_rupert
Temple:   regret_index_temple_waves
Lair:1:   layout_gridlike, grunt_megastairs_3, serial_bayou_shore_a
Lair:2:   layout_concentric_octagons, disabler_island
Lair:3:   layout_hall_layers, minmay_snake_entry_guardpost_small, ice2_lemuel,
          grunt_megastairs_2, lemuel_fruit_fields
Lair:4:   gammafunk_cloud_chamber, layout_gridlike,
          nicolae_swamp_entry_splash_gauntlet,
          gammafunk_ghost_berserking_beasts, lemuel_fruit_tree
Lair:5:   layout_small_grid, portal_ice_cave_entry_imps,
          infiniplex_staircase_pool_2, grunt_megastairs_1, lemuel_fruit_fields
Lair:6:   minmay_lair_end_enchanted_forest, layout_gridlike,
          minmay_slime_entry_pillars, special_room [special_room_mythical_zoo],
          chequers_serial_rivers_room_b, minmay_lair_oklob_chamber,
          grunt_megastairs_4
Swamp:1:  layout_basic_swamp, evilmike_swamp_ruin_house_1
Swamp:2:  layout_basic_swamp, evilmike_swamp_ruin_rubble_2
Swamp:3:  layout_falls_marsh, ebering_ghost_disaster_area,
          evilmike_swamp_ruin_rubble_1, swamp_pool2
Swamp:4:  swamp_alternative, layout_basic_swamp, swamp_pool5, uniq_aizul,
          uniq_nikola
Snake:1:  layout_basic, minmay_shop_grove, uniq_azrael, uniq_jorgrun
Snake:2:  layout_layer_cave
Snake:3:  layout_rooms
Snake:4:  johnstein_snake_rune_scales, layout_cave_town,
          ebering_ghost_reflecting_pool, serial_bayou_lagoon_b
Orc:1:    layout_diamond_mine, basic_altar, nicolae_orc_flooded_monolith,
          nicolae_orc_lava_room
Orc:2:    st_orc_rangers, layout_caves, serial_shops, shop,
          nicolae_orc_crystal_geode
Elf:1:    elf_arrival_002, layout_gridlike, hangedman_elf_disciples,
          solitary_fountain, uniq_asterion
Elf:2:    layout_loops_cross, gammafunk_ghost_wrathful_warriors

Skill      XL: |  1  2  3  4  5  6  7  8  9 10 11 12 13 14 15 16 17 18 19 20 |
---------------+-------------------------------------------------------------+-----
Crossbows      | 5 6 7 8 10 11 12 13 15 17 | 17.3
Armour         | 1 3 4 5 6 7 8 9 10 11 12 14 | 14.8
Fighting       | 3 4 5 6 7 8 9 10 11 13 | 13.8
Throwing       | 1 2 3 |  3.9
Shields        | 1 2 4 6 8 9 11 12 13 14 16 17 | 17.9
Axes           | 2 5 8 10 11 13 14 15 16 17 18 | 18.0
Invocations    | 3 4 5 6 7 |  7.0
Short Blades   | |  0.1
Dodging        | |  1.7
Stealth        | |  1.2

Action                   |  1- 3 |  4- 6 |  7- 9 | 10-12 | 13-15 | 16-18 | 19-21 || total
-------------------------+-------+-------+-------+-------+-------+-------+-------++-------
Melee: Short sword       |    89 |    26 |    20 |       |       |       |       ||   135
       Dagger            |       |    80 |    99 |       |       |       |       ||   179
       War axe           |       |       |   128 |   509 |   872 |  1667 |   413 ||  3589
       Hand axe          |       |       |       |       |       |       |    45 ||    45
 Fire: Hand crossbow     |    20 |    36 |    25 |       |       |       |       ||    81
       Arbalest          |       |       |    76 |       |   320 |    94 |   342 ||   832
       Triple crossbow   |       |       |       |       |       |       |   274 ||   274
Throw: Javelin           |       |    13 |       |       |     3 |       |    16 ||    32
       Dart              |       |    13 |    55 |       |       |       |       ||    68
       Boomerang         |       |       |    17 |       |       |       |       ||    17
Invok: Heroism           |       |       |       |     2 |     2 |     2 |     3 ||     9
       Finesse           |       |       |       |     1 |     3 |     1 |     3 ||     8
 Abil: Dig               |       |       |       |       |       |     1 |     2 ||     3
  Use: Scroll            |       |       |    12 |    10 |    17 |     2 |    13 ||    54
       Potion            |       |       |       |     3 |     3 |       |     3 ||     9
 Stab: Paralysed         |       |     2 |       |       |       |       |       ||     2
       Confused          |       |       |       |       |     1 |       |       ||     1
       Distracted        |       |       |       |       |     1 |       |       ||     1
  Eat: Chunk             |       |     6 |    14 |    12 |    24 |    22 |    17 ||    95
       Ration            |       |       |       |     1 |       |     2 |     4 ||     7
Armor: Leather armour    |    28 |       |       |       |       |       |       ||    28
       Ring mail         |    19 |    34 |       |       |       |       |       ||    53
       Chain mail        |       |    27 |   138 |   177 |    31 |       |       ||   373
       Plate armour      |       |       |       |       |   276 |   357 |   190 ||   823
Dodge: Dodged            |    76 |    82 |    46 |   142 |   379 |   405 |   230 ||  1360
Block: Large shield      |       |     4 |   255 |   395 |   621 |  1502 |   717 ||  3494
       Shield            |       |       |       |    95 |   224 |       |       ||   319

Table legend:
 A = Non-vault XP
 B = Vault XP
 C = Vault XP percentage of total XP
 D = Non-vault monster count
 E = Vault monster count
 F = Vault count percentage of total count
                 A         B        C        D         E       F
            +---------+---------+-------+---------+---------+-------
      Total |  258362 |  162936 |  38.7 |     924 |     417 |  31.1
            +---------+---------+-------+---------+---------+-------
        D:1 |      39 |       0 |   0.0 |      18 |       0 |   0.0
        D:2 |      18 |      44 |  71.0 |      11 |       4 |  26.7
        D:3 |     181 |       1 |   0.5 |      18 |       1 |   5.3
        D:4 |     475 |      73 |  13.3 |      20 |       9 |  31.0
        D:5 |     703 |       0 |   0.0 |      14 |       0 |   0.0
        D:6 |     892 |      81 |   8.3 |      20 |       4 |  16.7
        D:7 |    1172 |     303 |  20.5 |      31 |       4 |  11.4
        D:8 |    1204 |     480 |  28.5 |      28 |       1 |   3.4
        D:9 |    1483 |     482 |  24.5 |      35 |       1 |   2.8
       D:10 |    2633 |    1614 |  38.0 |      40 |       4 |   9.1
       D:11 |    5280 |       0 |   0.0 |      30 |       0 |   0.0
       D:12 |    3803 |       0 |   0.0 |      13 |       0 |   0.0
       D:13 |    7827 |       0 |   0.0 |      27 |       0 |   0.0
       D:14 |    7539 |    6180 |  45.0 |      36 |      13 |  26.5
       D:15 |   11922 |   11823 |  49.8 |      33 |      18 |  35.3
     Lair:1 |    4887 |     445 |   8.3 |      26 |       3 |  10.3
     Lair:2 |    3522 |     352 |   9.1 |      17 |       4 |  19.0
     Lair:3 |     777 |    2896 |  78.8 |       4 |      15 |  78.9
     Lair:4 |    5112 |    1486 |  22.5 |      22 |      10 |  31.2
     Lair:5 |    3994 |     621 |  13.5 |      17 |      14 |  45.2
     Lair:6 |   13693 |   20186 |  59.6 |      41 |      85 |  67.5
    Swamp:1 |   16263 |       0 |   0.0 |      38 |       0 |   0.0
    Swamp:2 |   11671 |       0 |   0.0 |      26 |       0 |   0.0
    Swamp:3 |   16832 |       0 |   0.0 |      42 |       0 |   0.0
    Swamp:4 |    6333 |   23083 |  78.5 |      21 |      28 |  57.1
    Snake:1 |   14760 |    4563 |  23.6 |      34 |       6 |  15.0
    Snake:2 |   22893 |       0 |   0.0 |      41 |       0 |   0.0
    Snake:3 |   18448 |       0 |   0.0 |      38 |       0 |   0.0
    Snake:4 |   38242 |   41944 |  52.3 |      68 |      65 |  48.9
      Orc:1 |    4178 |       0 |   0.0 |      32 |       0 |   0.0
      Orc:2 |    1630 |    5028 |  75.5 |      35 |      40 |  53.3
      Elf:1 |   16888 |   11954 |  41.4 |      28 |      15 |  34.9
      Elf:2 |   13068 |   14759 |  53.0 |      20 |      20 |  50.0
      IceCv |       0 |   12295 | 100.0 |       0 |      49 | 100.0
   Gauntlet |       0 |    2243 | 100.0 |       0 |       4 | 100.0
            +---------+---------+-------+---------+---------+-------
